 Dungeon Crawl Stone Soup version 0.26.0-16-gc1dbca0489 (webtiles) character file.

Game seed: 8400060974644080255

154 thiole the Covered (level 5, 0/43 (47) HPs)
             Began as a Minotaur Fighter on Jan 20, 2021.
             Slain by a wight
             ... wielding a cursed +4 halberd
              (9 damage)
             ... on level 3 of the Dungeon.
             The game lasted 00:01:24 (1524 turns).

thiole the Covered (Minotaur Fighter)               Turns: 1524, Time: 00:01:25

HP:   0/43 (47)     AC:  7    Str: 21    XL:     5   Next: 13%
MP:   4/4           EV:  7    Int:  5    God:
Gold: 67            SH:  9    Dex: 10    Spells: 4/4 levels left

rFire    . . .     SeeInvis .   a - +0 war axe
rCold    . . .     Faith    .   c - +0 kite shield
rNeg     . . .     Spirit   .   b - +0 scale mail
rPois    .         Reflect  .   (helmet restricted)
rElec    .         Harm     .   (no cloak)
rCorr    .         Rampage  .   (no gloves)
Will     .....                  (no boots)
Stlth    ..........             (no amulet)
HPRegen  0.14/turn              (no ring)
MPRegen  0.09/turn              (no ring)

@: drained
A: retaliatory headbutt, horns 2
a: no special abilities


You were on level 3 of the Dungeon.
You visited 1 branch of the dungeon, and saw 3 of its levels.

You collected 67 gold pieces.

Inventory:

Hand Weapons
 a - a +0 war axe (weapon)
Armour
 b - a +0 scale mail (worn)
 c - a +0 kite shield (worn)
Jewellery
 i - a +4 ring of evasion {unknown}
Scrolls
 e - 3 scrolls of identify {unknown}
 j - a scroll of fog {unknown}
 l - a scroll of magic mapping {unknown}
 m - a scroll of noise {unknown}
 n - 4 scrolls of enchant weapon {unknown}
 o - 2 scrolls of remove curse {unknown}
Potions
 d - a potion of might
 f - a potion of magic {unknown}
 g - 2 potions of lignification {unknown}
 h - a potion of degeneration {unknown}
 k - 2 potions of heal wounds {unknown}
 p - 2 potions of mutation {unknown}
 q - a potion of ambrosia {unknown}
 r - 2 potions of curing {unknown}


   Skills:
 + Level 4.7 Fighting
 + Level 3.8 Axes
 + Level 4.7 Armour
 + Level 4.7 Shields


You had 4 spell levels left.
You didn't know any spells.
Your spell library was empty.

Dungeon Overview and Level Annotations

Branches:
Dungeon (3/15)

Altars:


Innate Abilities, Weirdness & Mutations

You reflexively headbutt those who attack you in melee.
You have a pair of horns on your head.


Message History

You slash the wight!
You destroy the wight!
The wight barely misses you.
The kobold throws a stone.
The stone barely misses you.
Your life force feels restored.
You have reached level 5!
You hit the wight but do no damage. You block the wight's attack.
The wight hits you from afar with a cursed +4 halberd.
You feel drained.
Your scale mail prevents you from hitting the wight.
You headbutt the wight, but do no damage.
The wight hits you with a +0 great sword.
The wight hits you from afar with a cursed +4 halberd!
* * * LOW HITPOINT WARNING * * *
You feel drained.
* * * LOW HITPOINT WARNING * * *
The wight hits you but does no damage. The kobold hits you but does no damage.
You hit the wight but do no damage. You hit the kobold.
The wight hits you from afar with a cursed +4 halberd!
You die...

#####..z.# ....z....#
...z....### .........
.### #.....####.# ....
#........#.#
###..#####z#........#
#.(.....@zg$....§K..#
......####K............
##.#. ...........§...K.
.. ####.##......§... ..
.......§......... ..
####.#####..#.... . ..#
#.##!.. ### .# .§#


You could see 2 wights, a hobgoblin and a kobold.

Vanquished Creatures
  2 wights (D:3)
  2 adders (D:2)
  2 worms (D:2)
  5 dart slugs
  A leopard gecko (D:2)
  5 bats (D:2)
  2 giant cockroaches (D:2)
  3 goblins
  5 hobgoblins
  5 kobolds
  A quokka (D:2)
  A ball python (D:3)
  4 frilled lizards
  7 rats
45 creatures vanquished.

Notes
Turn   | Place    | Note
-------+----------+-------------------------------------------
     0 | D:1      | thiole the Minotaur Fighter began the quest for the Orb.
     0 | D:1      | Reached XP level 1. HP: 19/19 MP: 0/0
   319 | D:1      | Reached XP level 2. HP: 27/27 MP: 1/1
   731 | D:2      | Reached XP level 3. HP: 22/33 MP: 2/2
  1198 | D:2      | Reached XP level 4. HP: 41/41 MP: 3/3
  1522 | D:3      | Reached XP level 5. HP: 29/47 MP: 4/4
  1524 | D:3      | Slain by a wight

Illustrated notes

Levels and vault maps discovered:
D:1:      amcnicky_arrival_single_pillar, layout_basic, serial_curves,
          eino_curves_01, eino_curves_01, chequers_avenue
D:2:      cheibrodos_helix_gallery, layout_basic
D:3:      layout_basic, gammafunk_temple_overflow_statue

Skill      XL: |  1  2 |
---------------+-------+-----
Fighting       | 4 |  4.7
Armour         | 4 |  4.7
Shields        | 4 |  4.7
Axes           | 3 |  3.8

Action                   |  1- 3 |  4- 6 || total
-------------------------+-------+-------++-------
Melee: War axe           |    94 |    16 ||   110
       Headbutt          |     6 |     3 ||     9
Armor: Scale mail        |    64 |     8 ||    72
Dodge: Dodged            |    46 |    11 ||    57
Block: Kite shield       |    57 |    11 ||    68
